Map: Ruins of Seras

Players

nikui

  • Race: Terran Terran
  • League: Grandmaster

Javert - Winner!

  • Race: Zerg Zerg
  • League: Grandmaster

VOD

Have the link to the VOD?

Description

Time

  • Played on: June 13, 2015, 1:51 a.m.
  • Length: 9:09
Show
View Real Time Build Order
Export as new Build Order

nikui Terran 

Build Orders:  

Get SALT Encoding   

  12  0:01  SCV  
  13  0:13  SCV  
  14  0:18  Supply Depot  
  14  0:25  SCV  
  15  0:40  SCV  
  15  0:42  Barracks  
  16  0:46  Refinery  
  16  0:52  SCV  
  17  1:04  SCV  
  18  1:16  SCV  
  18  1:17  Refinery  
  19  1:28  SCV  
  19  1:30  Supply Depot  
  20  1:39  Reaper  
  21  1:42  Orbital Command  
  21  2:06  Command Center  
  21  2:11  Reaper  
  22  2:21  Factory  
  22  2:43  Reaper  
  23  3:09  Factory Reactor  
  23  3:12  Starport  
  23  3:15  Reaper  
  24  3:28  SCV  
  24  3:31  Command Center  
  25  3:40  SCV  
  26  3:55  Orbital Command  
  26  3:58  Hellion  
  26  3:59  Hellion  
  26  4:00  Starport Tech Lab  
  30  4:03  Factory  
  30  4:28  Reaper  
  31  4:37  Hellion x2  
  35  4:39  Orbital Command  
  35  4:55  Factory Tech Lab  
  35  4:57  Banshee  
  35  4:59  Hellion  
  38  5:13  Hellion  
  38  5:15  Supply Depot  
  34  5:32  SCV  
  34  5:34  SCV  
  36  5:40  Banshee  
  39  5:44  SCV  
  40  5:56  SCV  
  32  6:19  Hellion x2  
  32  6:24  Banshee  
  32  6:25  Cloaking Field  
  39  6:26  Siege Tank  
  42  6:34  SCV x2  
  42  6:35  Orbital Command  
  44  6:41  Hellion x2  
  44  6:46  SCV x2  
  46  6:52  Armory  
  46  6:56  Armory  
  46  6:59  SCV x2  
  46  7:02  Hellion x2  
  50  7:10  Supply Depot  
  50  7:12  Supply Depot  
  50  7:26  Siege Tank  
  50  7:28  Hellion x2  
  50  7:45  Banshee  
  50  7:49  Hellion  
  55  7:53  Hellion  
  57  7:58  SCV, Hellion  
  57  7:59  SCV  
  57  8:01  SCV  
  62  8:09  Supply Depot  
  62  8:11  Hellion  
  64  8:16  Supply Depot  
  64  8:17  SCV  
  64  8:18  SCV x2  
  67  8:25  Engineering Bay  
  67  8:29  SCV  
  67  8:30  SCV x2  
  59  8:39  Supply Depot  
  53  8:51  Refinery  
  53  8:52  Refinery, Missile Turret  
  53  8:53  Missile Turret  
  53  8:54  Missile Turret  
  52  8:57  Missile Turret  
  52  8:59  Missile Turret  
Show
View Real Time Build Order
Export as new Build Order

Javert Zerg - Winner!

Build Orders: Hatch First 

Get SALT Encoding   

  12  0:01  Drone  
  13  0:13  Overlord  
  13  0:22  Drone  
  14  0:33  Drone x2  
  16  0:50  Hatchery  
  16  0:55  Drone  
  16  0:58  Extractor  
  15  1:11  Spawning Pool  
  15  1:14  Drone  
  15  1:17  Drone  
  16  1:22  Drone  
  17  1:29  Drone  
  18  1:36  Overlord  
  18  1:59  Metabolic Boost  
  18  2:01  Queen  
  18  2:03  Queen  
  22  2:11  Zergling x4  
  22  2:13  Zergling x2  
  25  2:17  Zergling x2  
  26  2:23  Zergling x4  
  26  2:29  Zergling x2  
  29  2:45  Drone x3  
  30  3:05  Drone  
  30  3:06  Drone x3  
  34  3:15  Drone  
  35  3:24  Overlord x2  
  35  3:37  Overlord x2  
  35  3:49  Drone x6  
  35  3:53  Hatchery  
  40  3:57  Drone  
  40  3:58  Queen  
  43  4:10  Drone x5  
  48  4:26  Zergling x12  
  53  4:44  Lair  
  53  4:47  Extractor  
  53  4:50  Extractor  
  53  4:51  Extractor  
  53  4:52  Drone  
  50  4:53  Drone x10  
  59  5:11  Drone x4  
  59  5:22  Zergling x2  
  59  5:23  Zergling x18  
  65  5:29  Spine Crawler  
  65  5:30  Queen  
  65  5:31  Spine Crawler  
  65  5:39  Spine Crawler  
  65  5:40  Spine Crawler  
  63  5:45  Drone  
  63  5:46  Drone x9  
  70  6:02  Zergling x10  
  70  6:16  Spore Crawler, Spire  
  66  6:21  Overlord x2  
  66  6:32  Spore Crawler  
  65  6:42  Drone x9  
  65  6:43  Drone x2  
  65  6:46  Zergling x2  
  65  6:47  Zergling x12  
  80  6:58  Spore Crawler  
  77  7:03  Overlord x2  
  77  7:09  Extractor  
  77  7:10  Extractor  
  75  7:27  Mutalisk x9  
  86  7:46  Mutalisk x5  
  86  7:49  Overseer  
  96  8:06  Zergling x18  
  105  8:23  Baneling Nest  
  105  8:26  Evolution Chamber x2  
  102  8:37  Overlord x8  
  102  8:38  Overlord x3  
  99  8:50  Overlord x2  
Tags
 
Add a new tag
Caveats
  • Supply blocks, unpowered buildings, or Contaminate may cause inaccurate times.
  • Supply counts are checked every 10 seconds.